 Dungeon Crawl Stone Soup version 0.30.0-29-ga12c61a403 (webtiles) character file.

Game seed: 607310193113581153

183 qw the Chopper (level 5, 0/32 HPs)
             Began as a Gargoyle Fighter on June 3, 2023.
             Slain by a wight
             ... wielding a +0 trident
              (1 damage)
             ... on level 4 of the Dungeon.
             The game lasted 00:01:12 (3017 turns).

qw the Chopper (Gargoyle Fighter)                   Turns: 3017, Time: 00:01:13

Health: 0/32       AC: 17    Str: 21    XL:     5   Next: 62%
Magic:  5/5        EV:  7    Int:  9    God:
Gold:   120        SH:  0    Dex:  9    Spells: 4/4 levels left

rFire   . . .        Y - +1 war axe (flame)
rCold   . . .        c - +0 buckler
rNeg    + . .        h - +0 chain mail
rPois   inf          (no helmet)
rElec   +            (no cloak)
rCorr   .            (no gloves)
SInv    .            (no boots)
Will    .....        (no amulet) Stlth
                     i - +4 ring of protection
HPRegen 0.25/turn    (no ring)
MPRegen 0.09/turn

%: no passive effects
@: confused
A: sickness immunity, AC +4, negative energy resistance 1, electricity
resistance, torment resistance 1, petrification resistance
a: no special abilities


You were on level 4 of the Dungeon.
You visited 1 branch of the dungeon, and saw 4 of its levels.

You collected 120 gold pieces.


Innate Abilities, Weirdness & Mutations

You are immune to sickness and miasma.
Your stone body is resilient. (AC +4)
You are immune to poison.
You resist negative energy. (rN+)
You are resistant to electric shocks. (rElec)
You are resistant to unholy torment.
You are immune to petrification.


   Skills:
 + Level 3.5 Fighting
 - Level 5.0 Axes
 - Level 3.2 Armour
 - Level 3.2 Shields


You had 4 spell levels left.
You didn't know any spells.
Your spell library was empty.

Inventory:

Hand Weapons
 Y - a +1 war axe of flaming (weapon)
Armour
 c - a +0 buckler (worn)
 h - a +0 chain mail (worn)
Jewellery
 i - a +4 ring of protection (left hand)
Scrolls
 a - a scroll of teleportation
Potions
 d - a potion of might
 f - a potion of magic {unknown}
 g - a potion of curing {unknown}
 l - a potion of heal wounds {unknown}

Dungeon Overview and Level Annotations

Branches:
Dungeon (4/15)
 Temple: D:4-7

Altars:
Nemelex Xobeh
Qazlal
Sif Muna

Shops:
D:3 [

Annotations:
D:4 Sigmund


Message History

You see here a rat skeleton.
There is a stone staircase leading down here.
You climb downwards.
Sigmund shouts!
The goblin shouts!
The adder hisses angrily.
The orc shouts! x2
The kobold shouts!
You hear an angry hiss.
Found a falchion, a chain mail and a scroll of identify.
Found two altars.
Found an escape hatch in the ceiling.
Found a stone staircase leading up.
There is a stone staircase leading up here.
There are monsters nearby!
Waypoint 3 assigned to D:4.
A kobold comes into view. It is wielding a +0 dagger.
Found 5 silver javelins.
The kobold shouts!
The wight hits you but does no damage.
The wight hits you from afar with a +0 trident.
Sigmund casts a spell at you.
You are confused.
The kobold throws a stone.
The stone hits you but does no damage.
The wight closely misses you. x2; The kobold hits you but does no damage.
An adder comes into view.
The adder barely misses you.
A giant cockroach comes into view.
The wight hits you but does no damage. x2; The wight closely misses you.
The wight hits you from afar with a +4 halberd of freezing.
The wight freezes you. The kobold barely misses you.
The kobold throws a stone.
The stone hits you but does no damage. The orc hits you but does no damage.
The adder bites you but does no damage. x2; The wight barely misses you.
The wight hits you from afar with a +4 halberd of freezing!
The wight freezes you. The wight hits you but does no damage.
The wight hits you from afar with a +0 trident!
The wight barely misses you.
The kobold throws a stone.
The stone closely misses you.
The kobold hits you with a +0 short sword.
The orc hits you but does no damage. The adder bites you but does no damage.
The wight hits you but does no damage.
The kobold hits you with a +0 short sword.
The wight hits you but does no damage.
The wight hits you from afar with a +0 trident.
You die...

... #..
...####.####
#.........#
#....B...#
#?..og...#
#..ozzz[.#
###...z)K..#
......z@S..#
###...o<.@.#
#<........#
#.#####.#S...
# .# _.. ..
(. K. } ...
._.


You could see Sigmund, 5 wights, an orc priest, 2 adders, 2 orcs, a giant
cockroach, a goblin and 2 kobolds.

Vanquished Creatures
  An iguana (D:3)
  Natasha (thrice) (D:2)
  2 adders
  2 dart slugs
  2 ball pythons
  8 endoplasms
  3 giant cockroaches
  9 hobgoblins
  4 jackals (D:2)
  4 kobolds (D:1)
  2 bats (D:1)
  4 frilled lizards
  4 goblins
  9 rats
57 creatures vanquished.

Notes
Turn   | Place    | Note
-------+----------+-------------------------------------------
     0 | D:1      | qw the Gargoyle Fighter began the quest for the Orb.
     0 | D:1      | Reached XP level 1. HP: 14/14 MP: 1/1
     0 | D:1      | 0 ||| qw: Version: 0.2-a-103-g5a998e5
     0 | D:1      | 0 ||| qw: Game counter: 1089
     0 | D:1      | 0 ||| qw: Always use a shield: true
     0 | D:1      | 0 ||| qw: God list: Okawaru
     0 | D:1      | 0 ||| qw: Allow faded altars: false
     0 | D:1      | 0 ||| qw: Do Orc after D:15 true
     0 | D:1      | 0 ||| qw: Do second Lair branch before Depths: true
     0 | D:1      | 0 ||| qw: Lair rune preference: random
     0 | D:1      | 0 ||| qw: Plans: Normal, Zot:1-4, Slime:5, God:TSO, Crypt,
                  | Tomb, Pan, Hells, Abyss, Win
     0 | D:1      | 0 ||| PLANNING D:1-11
   121 | D:1      | Reached skill level 2 in Axes
   201 | D:1      | Reached XP level 2. HP: 18/19 MP: 2/2
   273 | D:1      | 273 ||| Stepping ~*~*~tactically~*~*~ (stealth).
   275 | D:1      | 275 ||| Stepping ~*~*~tactically~*~*~ (hiding).
   369 | D:1      | 369 ||| Stepping ~*~*~tactically~*~*~ (hiding).
   564 | D:1      | 564 ||| Stepping ~*~*~tactically~*~*~ (hiding).
   695 | D:1      | 695 ||| Stepping ~*~*~tactically~*~*~ (hiding).
   703 | D:1      | Reached skill level 3 in Axes
  1017 | D:1      | Found a faded altar of an unknown god.
  1034 | D:1      | 1034 ||| DROPPING ring of flight.
  1035 | D:1      | 1035 ||| READING 2 scrolls labelled JUETSEULISCH.
  1038 | D:1      | 1038 ||| READING scroll labelled GASEOR UZAK.
  1039 | D:1      | 1039 ||| READING scroll labelled ONIRIEMIONO.
  1040 | D:1      | 1040 ||| READING scroll labelled PUTHRA LETORO.
  1047 | D:1      | Reached XP level 3. HP: 23/23 MP: 3/3
  1291 | D:2      | 1291 ||| Stepping ~*~*~tactically~*~*~ (hiding).
  1666 | D:2      | Noticed Natasha
  1672 | D:2      | Killed Natasha
  1673 | D:2      | Reached skill level 4 in Axes
  1673 | D:2      | Reached XP level 4. HP: 28/28 MP: 4/4
  1857 | D:2      | Noticed Natasha
  1858 | D:2      | 1858 ||| Stepping ~*~*~tactically~*~*~ (stealth).
  1860 | D:2      | 1860 ||| Stepping ~*~*~tactically~*~*~ (hiding).
  1861 | D:2      | 1861 ||| Stepping ~*~*~tactically~*~*~ (hiding).
  1868 | D:2      | Killed Natasha
  1929 | D:2      | Noticed Natasha
  1933 | D:2      | Killed Natasha
  1934 | D:2      | Reached XP level 5. HP: 21/32 MP: 5/5
  2250 | D:2      | 2250 ||| UPGRADING to +0 chain mail.
  2260 | D:2      | 2260 ||| DROPPING +0 scale mail.
  2261 | D:2      | 2261 ||| UPGRADING to +4 ring of protection.
  2262 | D:2      | 2262 ||| READING 2 scrolls labelled LUJEBYUGASO.
  2263 | D:2      | 2263 ||| READING scroll labelled ZADENI NOIH.
  2284 | D:2      | 2284 ||| DRINKING 2 sapphire potions.
  2285 | D:2      | 2285 ||| DROPPING scroll of fear.
  2286 | D:2      | 2286 ||| DROPPING potion of brilliance.
  2458 | D:3      | Reached skill level 5 in Axes
  2613 | D:3      | Found Fasurrun's Antique Armour Shop.
  2624 | D:3      | 2624 ||| SHOPLISTING pair of runed gloves (202 gold, have
                  | 107).
  2624 | D:3      | 2624 ||| SHOPLISTING plate armour (621 gold, have 107).
  2624 | D:3      | 2624 ||| SHOPLISTING runed scale mail (189 gold, have 107).
  2850 | D:3      | Found a stormy altar of Qazlal.
  2991 | D:3      | 2991 ||| READING scroll labelled VACOOZU RAELOCS.
  2992 | D:3      | 2992 ||| DROPPING +0 whip.
  2994 | D:3      | 2994 ||| READING scroll labelled VUNOIS ESEGUPS.
  2995 | D:3      | 2995 ||| READING scroll labelled TINKYA ZEIDUP.
  3012 | D:4      | Noticed Sigmund
  3012 | D:4      | Found a shimmering blue altar of Sif Muna.
  3012 | D:4      | Found a sparkling altar of Nemelex Xobeh.
  3016 | D:4      | HP: 3/32 [wight/+0 trident (10)]
  3016 | D:4      | HP: 1/32 [kobold/+0 short sword (2)]
  3017 | D:4      | Slain by a wight

Levels and vault maps discovered:
D:1:      dpeg_chamrin_arrival_tetris, layout_basic,
          dilly_ecumenical_altar_fadedgnrine
D:2:      layout_basic, uniq_natasha
D:3:      layout_rooms, general_overflow_altar, serial_shops, shop,
          hangedman_decor_clover_reticule
D:4:      layout_rooms, grunt_temple_overflow_open, uniq_crazy_yiuf_cottage,
          uniq_sigmund, uniq_menkaure

Skill      XL: |  1  2  3  4  5 |
---------------+----------------+-----
Axes           | 2 3 4 5 |  5.0
Fighting       | |  3.5
Armour         | |  3.2
Shields        | |  3.2

Action                     |  1- 3 |  4- 6 || total
---------------------------+-------+-------++-------
  Melee: War axe           |    96 |    54 ||   150
    Use: Scroll            |     4 |     5 ||     9
         Potion            |       |     1 ||     1
 Armour: Scale mail        |    43 |    13 ||    56
         Chain mail        |       |    23 ||    23
  Dodge: Dodged            |    35 |    26 ||    61
  Block: Buckler           |    16 |     6 ||    22

Table legend:
 A = Non-vault XP
 B = Vault XP
 C = Vault XP percentage of total XP
 D = Non-vault monster count
 E = Vault monster count
 F = Vault count percentage of total count
                 A         B        C        D         E       F
            +---------+---------+-------+---------+---------+-------
      Total |     226 |      36 |  13.7 |      56 |       1 |   1.8
            +---------+---------+-------+---------+---------+-------
        D:1 |      35 |       0 |   0.0 |      21 |       0 |   0.0
        D:2 |     128 |      36 |  22.0 |      26 |       1 |   3.7
        D:3 |      63 |       0 |   0.0 |       9 |       0 |   0.0
            +---------+---------+-------+---------+---------+-------
